 Dungeon Crawl Stone Soup version 0.29-a0-993-g4a18f31a58 (webtiles) character file.

Game seed: 2391109761998800793

9 flotson the Sneak (level 2, -2/24 HPs)
             Began as a Demonspawn Delver on Aug 2, 2022.
             Succumbed to a scorpion's poison
             ... on level 5 of the Dungeon.
             The game lasted 00:01:56 (359 turns).

flotson the Sneak (Demonspawn Delver)                Turns: 359, Time: 00:01:56

Health: -2/24      AC:  7    Str: 12    XL:     2   Next: 3%
Magic:  2/2        EV:  9    Int: 11    God:
Gold:   0          SH:  0    Dex: 14    Spells: 1/1 levels left

rFire   . . .      SeeInvis .   b - +0 morningstar
rCold   . . .      Faith    .   (no shield)
rNeg    . . .      Spirit   .   e - +0 scale mail
rPois   .          Reflect  .   (no helmet)
rElec   .          Harm     .   (no cloak)
rCorr   .          Rampage  .   (no gloves)
Will    .....                   j - +0 pair of boots
Stlth   +.........              (no amulet)
HPRegen 0.08/turn               (no ring)
MPRegen 0.08/turn               (no ring)

@: lethally poisoned (-2 -> -12)
A: powered by pain 1
a: no special abilities


You were on level 5 of the Dungeon.
You visited 1 branch of the dungeon, and saw 2 of its levels.

Inventory:

Hand Weapons
 a - a +0 spear
 b - a +0 morningstar (weapon)
Armour
 e - a +0 scale mail (worn)
 h - a +0 leather armour
 j - a +0 pair of boots (worn)
Wands
 g - a wand of digging (3)
Scrolls
 d - a scroll of magic mapping
 i - a scroll of summoning {unknown}


   Skills:
 + Level 3.1 Fighting
 - Level 1.7 Polearms
 + Level 0.5 Armour
 + Level 2.0 Dodging
 - Level 4.5 Stealth
 + Level 0.6 Evocations


You had one spell level left.
You didn't know any spells.
Your spell library was empty.

Dungeon Overview and Level Annotations

Branches:
Dungeon (5/15)
 Temple: D:4-7

Altars:
Xom

Annotations:
D:4 Edmund


Innate Abilities, Weirdness & Mutations

You sometimes gain a little power by taking damage.


Message History

You finish taking off your +0 leather armour.
You start putting on your armour.
You continue putting on your +0 scale mail. x2
The scorpion barely misses you. The scorpion closely misses you.
You continue putting on your +0 scale mail.
The scorpion barely misses you.
You continue putting on your +0 scale mail.
The scorpion barely misses you.
You continue putting on your +0 scale mail.
The scorpion barely misses you.
You finish putting on your +0 scale mail.
Unknown command.
You barely miss the scorpion. The scorpion stings you.
The scorpion stings you but does no damage.
You barely miss the scorpion. The scorpion barely misses you.
The scorpion stings you but does no damage.
You puncture the scorpion!
The scorpion is heavily wounded.
The scorpion closely misses you.
The scorpion stings you but does no damage.
You barely miss the scorpion.
The scorpion is heavily wounded.
The scorpion stings you but does no damage.
You hit the scorpion.
The scorpion is severely wounded.
The scorpion stings you. x2
* * * LOW HITPOINT WARNING * * *
You are lethally poisoned!
The scorpion poisons you!
Unknown command.
You completely miss the scorpion.
The scorpion is severely wounded.
* * * LOW HITPOINT WARNING * * *
You feel very sick. The scorpion completely misses you.
The scorpion stings you but does no damage.
Unknown command.
You puncture the scorpion!
You kill the scorpion!
You die...

.# # .# #
##.##### #
# #.... .#
s# #
#...##.#
...
#....#.##..
# #...w....
#.####.#
#.@..<.#
########


There were no monsters in sight!

Vanquished Creatures
  A scorpion (D:5)
  2 orcs (D:4)
  An endoplasm (D:4)
  A goblin (D:4)
  A hobgoblin (D:4)
  A kobold (D:4)
7 creatures vanquished.

Vanquished Creatures (others)
  A quokka (D:4)
  A goblin (D:4)
2 creatures vanquished.

Grand Total: 9 creatures vanquished

Notes
Turn   | Place    | Note
-------+----------+-------------------------------------------
     0 | D:5      | flotson the Demonspawn Delver began the quest for the Orb.
     0 | D:5      | Reached XP level 1. HP: 18/18 MP: 1/1
    23 | D:5      | Noticed a scorpion
    64 | D:4      | Noticed Edmund
   111 | D:4      | Found a shimmering altar of Xom.
   111 | D:4      | Noticed a black bear
   111 | D:4      | Noticed an orc priest
   111 | D:4      | Noticed an orc priest
   172 | D:4      | Gained mutation: You sometimes gain a little power by
                  | taking damage. [demonic ancestry]
   172 | D:4      | Reached XP level 2. HP: 14/24 MP: 2/2
   172 | D:4      | HP: 1/24 [orc/+0 club (5)]
   358 | D:5      | HP: 1/24 [poisoned by a scorpion]
   359 | D:5      | Killed a scorpion
   359 | D:5      | Succumbed to a scorpion's poison

Illustrated notes

Levels and vault maps discovered:
D:4:      layout_gridville, xom_confusion_cloud, lemuel_tele_altar, uniq_edmund
D:5:      layout_loops_cross

Skill      XL: |  1 |
---------------+----+-----
Dodging        | 2 |  2.0
Fighting       | |  3.1
Polearms       | |  1.7
Armour         | |  0.5
Stealth        | |  4.5
Evocations     | |  0.6

Action                   || total
-------------------------++-------
Melee: Morningstar       ||    20
  Use: Scroll            ||     2
       Potion            ||     1
 Stab: Sleeping          ||     2
Armor: Leather armour    ||     4
       Scale mail        ||     5
Dodge: Dodged            ||    16

Table legend: (Time is in decaauts)
 A = Elapsed time spent in this place.
 B = Non-inter-level travel time spent in this place.
 C = Inter-level travel time spent in this place.
 D = Time resting spent in this place.
 E = Time spent auto-exploring this place.
 F = Levels seen in this place.
 G = Mean time per level.
                   A        B        C        D        E       F      G
               +--------+--------+--------+--------+--------+-----+--------+
         Total |    349 |    349 |      0 |    117 |     34 |   2 |  174.5 |
       Dungeon |    349 |    349 |      0 |    117 |     34 |   2 |  174.5 |
               +--------+--------+--------+--------+--------+-----+--------+

Top non-repeatable levels by time:
     D:4: 180 daAuts
     D:5: 168 daAuts
